[Event "XVII MetLife Najdorf Open 2017"]
[Site "Warsaw"]
[Date "2017.07.16"]
[Round "8"]
[White "Deszczynski, Adam"]
[Black "Pranav Vijay"]
[Result "1/2-1/2"]
[ECO "E16"]
[WhiteElo "2380"]
[BlackElo "2265"]
[Annotator "ChessBase"]
[PlyCount "126"]
[EventDate "2017.??.??"]
[EventType "swiss"]
[EventCountry "POL"]
[SourceTitle "playchess.com"]
[Source "ChessBase"]
[SourceQuality "1"]
[TimeControl "40/5400+30:1800+30"]

1. d4 Nf6 2. c4 e6 3. Nf3 b6 4. g3 Bb7 5. Bg2 Bb4+ 6. Bd2 Be7 7. Nc3 O-O 8. O-O d5 9. Ne5 c6 10. Bf4 Nbd7 11. Qa4 Nxe5 12. Bxe5 a6 13. Bxf6 Bxf6 14. cxd5 exd5 15. Rfd1 b5 16. Qb3 Qb6 17. e3 Qa7 18. Ne2 a5 19. Nf4 b4 20. Rac1 Be7 21. Qa4 Qb6 22. Nd3 Bd6 23. Nc5 Bc8 24. Nb3 Bb7 25. Bh3 f5 26. Rc2 Rf6 27. Rdc1 Bf8 28. Nc5 Bxc5 29. Rxc5 g6 30. Bf1 Rd6 31. Bd3 Kg7 32. h4 Qd8 33. a3 Qb6 34. Kg2 h5 35. Bf1 Kh8 36. Kg1 Kg7 37. Rd1 Kh7 38. Rd3 Ba6 39. Rxa5 Rdd8 40. Rb3 Bb5 41. Rxb5 cxb5 42. Qxb4 Qf6 43. Rc3 Rac8 44. Rxc8 Rxc8 45. Qxb5 Qd6 46. b4 Kh6 47. a4 Rc1 48. a5 Rb1 49. Qe8 Kh7 50. Qf7+ Kh8 51. b5 Qb4 52. Qe8+ Kh7 53. Qd7+ Kh8 54. Qc8+ Kh7 55. Qb7+ Kh8 56. Qb8+ Kh7 57. Qc7+ Kh8 58. Qd8+ Kh7 59. Qd7+ Kh8 60. Qe8+ Kh7 61. Qf7+ Kh8 62. Qf6+ Kh7 63. Qf7+ Kh8 1/2-1/2

[Event "XVII MetLife Najdorf Open 2017"]
[Site "Warsaw"]
[Date "2017.07.16"]
[Round "8"]
[White "Kaczmarek, Aleksander"]
[Black "Rahul Srivatshav P"]
[Result "1-0"]
[ECO "B47"]
[WhiteElo "2380"]
[BlackElo "2295"]
[Annotator "ChessBase"]
[PlyCount "89"]
[EventDate "2017.??.??"]
[EventType "swiss"]
[EventCountry "POL"]
[SourceTitle "playchess.com"]
[Source "ChessBase"]
[SourceQuality "1"]
[TimeControl "40/5400+30:1800+30"]

1. e4 c5 2. Nf3 e6 3. d4 cxd4 4. Nxd4 Nc6 5. Nc3 Qc7 6. Nxc6 bxc6 7. Bd3 Nf6 8. O-O d5 9. Qe2 Be7 10. f4 O-O 11. e5 Nd7 12. Na4 Rb8 13. b3 c5 14. c4 d4 15. Rf3 f5 16. Rh3 g6 17. Bd2 Rf7 18. Kf2 Kf8 19. Rg1 Ke8 20. Ke1 h5 21. g4 hxg4 22. Rh8+ Rf8 23. Rh6 Bb7 24. h3 Bf3 25. Qh2 Kd8 26. hxg4 fxg4 27. Rxg6 Kc8 28. Rxe6 Qd8 29. Rh6 Nb6 30. Nb2 Kc7 31. f5 Bg5 32. Rh7+ Kc8 33. f6 Bxd2+ 34. Qxd2 Rb7 35. Bf5+ Kb8 36. Rxb7+ Bxb7 37. Qf4 Ka8 38. Nd3 Nd7 39. Bxd7 Qxd7 40. Nxc5 Qh7 41. Kd2 Qh3 42. Qxd4 Qf3 43. Nxb7 Rh8 44. Nc5 Rh2+ 45. Kc1 1-0

[Event "XVII MetLife Najdorf Open 2017"]
[Site "Warsaw"]
[Date "2017.07.16"]
[Round "8"]
[White "Kosakowski, Jakub"]
[Black "Bus, Konrad"]
[Result "1/2-1/2"]
[ECO "C65"]
[WhiteElo "2366"]
[BlackElo "2219"]
[Annotator "NA"]
[PlyCount "75"]
[EventDate "2017.??.??"]
[EventType "swiss"]
[EventCountry "POL"]
[SourceTitle "playchess.com"]
[Source "ChessBase"]
[SourceQuality "1"]
[TimeControl "40/5400+30:1800+30"]

1. e4 e5 2. Nf3 Nc6 3. Bb5 Nf6 4. d3 d6 5. c3 Bd7 6. O-O g6 7. Re1 Bg7 8. Nbd2 O-O 9. Nf1 Qe8 10. Ba4 Nh5 11. Nh4 Ne7 12. Bxd7 Qxd7 13. Ne3 Rad8 14. Nef5 Nxf5 15. exf5 Bf6 16. fxg6 fxg6 17. Nf3 Kh8 18. d4 exd4 19. Nxd4 Rde8 20. Be3 Ng7 21. Qb3 b6 22. Qb5 Rf7 23. a4 Rfe7 24. Qxd7 Rxd7 25. Nc6 Nf5 26. Nxa7 Nxe3 27. fxe3 Rde7 28. Nb5 Bg5 29. e4 d5 30. b4 dxe4 31. a5 bxa5 32. bxa5 Ra8 33. a6 Bd2 34. Re2 e3 35. c4 c6 36. Nd4 Rea7 37. Nf3 Rxa6 38. Rxa6 1/2-1/2

[Event "XVII MetLife Najdorf Open 2017"]
[Site "Warsaw"]
[Date "2017.07.16"]
[Round "8"]
[White "Nowak, Kamil"]
[Black "Siekanski, Janusz"]
[Result "1/2-1/2"]
[ECO "B81"]
[WhiteElo "2362"]
[BlackElo "2287"]
[Annotator "NA"]
[PlyCount "62"]
[EventDate "2017.??.??"]
[EventType "swiss"]
[EventCountry "POL"]
[SourceTitle "playchess.com"]
[Source "ChessBase"]
[SourceQuality "1"]
[TimeControl "40/5400+30:1800+30"]

1. e4 c5 2. Nf3 e6 3. d4 cxd4 4. Nxd4 Nf6 5. Nc3 d6 6. g4 Nc6 7. g5 Nd7 8. Be3 Be7 9. Rg1 O-O 10. Qh5 g6 11. Qh6 Nde5 12. O-O-O f6 13. gxf6 Bxf6 14. Nb3 Bg7 15. Qh3 Rf3 16. Qg2 a6 17. Kb1 b5 18. h4 b4 19. Na4 Rxe3 20. fxe3 Qxh4 21. Rxd6 Qe1+ 22. Nc1 Qxe3 23. Be2 Bd7 24. Nb3 Bf8 25. Rdd1 Nd8 26. Nac5 Bxc5 27. Qh2 Ndf7 28. Rg3 Qf2 29. Rg2 Qe3 30. Rg3 Qf2 31. Rg2 Qe3 1/2-1/2

[Event "XVII MetLife Najdorf Open 2017"]
[Site "Warsaw"]
[Date "2017.07.16"]
[Round "8"]
[White "Lewtak, Damian"]
[Black "Nowicki, Bartosz"]
[Result "1-0"]
[ECO "E81"]
[WhiteElo "2341"]
[BlackElo "2262"]
[Annotator "NA"]
[PlyCount "169"]
[EventDate "2017.??.??"]
[EventType "swiss"]
[EventCountry "POL"]
[SourceTitle "playchess.com"]
[Source "ChessBase"]
[SourceQuality "1"]
[TimeControl "40/5400+30:1800+30"]

1. e4 d6 2. d4 g6 3. c4 Bg7 4. Nc3 Nf6 5. f3 O-O 6. Bg5 h6 7. Be3 e5 8. d5 c6 9. Qd2 cxd5 10. cxd5 Kh7 {[%emt 0:07:40] E81: King's Indian: Sämisch: 6th move deviations (including 6 Be3 c6)} (10... Nbd7 11. O-O-O Kh7 12. g4 Ne8 13. h4 a6 14. Kb1 b5 15. Rc1 Nc5 16. h5 g5 17. Nh3 f6 18. Nf2 {1-0 (37) Riazantsev,A (2671)-Savenkov,K (2320) Sochi 2015}) 11. Bd3 Nbd7 12. Nge2 Nc5 13. Bc2 a5 14. a3 $146 ({Predecessor:} 14. g4 Bd7 15. a4 Qb6 {1-0 (60) Rajkovic,D (2430)-Ilijc,M (2234) Obrenovac 2004}) 14... Bd7 15. O-O a4 16. Nc1 Qa5 17. Nd3 Nxd3 18. Bxd3 Nh5 19. g3 f5 20. Ne2 Qd8 21. exf5 gxf5 22. g4 Nf6 23. gxf5 Qe8 24. Ng3 Bb5 25. Ne4 Bxd3 26. Qxd3 Qd7 27. Rac1 Kh8 28. Rc3 Ra6 29. Nxf6 Rxf6 30. Rfc1 Qxf5 31. Rc8+ Kh7 32. Qe4 Ra5 33. R1c2 Qxe4 34. fxe4 Rb5 35. Kg2 Kg6 36. Bd2 Rb3 37. R8c3 Rb6 38. Rg3+ Kh7 39. Rc7 Rg6 40. Rxg6 Kxg6 41. Bb4 h5 42. Rd7 Bf8 43. Kf3 Kf6 44. Ke3 Be7 45. Kd3 Kf7 46. Rc7 Ke8 47. Rc8+ Kd7 48. Ra8 Ra6 49. Rxa6 bxa6 50. Bd2 Bd8 51. Kc4 Bb6 52. Kb4 Kc7 53. Kxa4 Kb7 54. Bb4 Bc7 55. Kb3 $2 (55. Ba5) 55... Bb8 (55... Kb6 $142 56. Kc4 a5) 56. Kc4 Kb6 (56... Bc7 $142 57. Bd2 Bd8) 57. Bd2 Bc7 58. b4 Bd8 59. Be3+ Kb7 60. Bh6 Be7 61. a4 Kb6 62. Bd2 Kb7 63. Kd3 Kc7 64. Ke2 Kd7 65. Kf3 Bh4 66. Kg2 Bd8 67. Kh3 Bf6 68. Be1 Bg5 69. Bh4 Bd2 70. b5 axb5 71. axb5 Be3 72. Bf6 Bf2 73. Bg5 Kc7 74. Be7 Kd7 75. Bf8 Bg1 76. b6 Bxb6 77. Kh4 Bc5 78. Kxh5 Ke8 79. Bh6 Kf7 80. Bg5 Bb6 81. Kg4 Kg6 82. h4 Bc5 83. h5+ Kf7 84. Kf5 Kg7 85. Ke6 1-0

[Event "XVII MetLife Najdorf Open 2017"]
[Site "Warsaw"]
[Date "2017.07.16"]
[Round "8"]
[White "Martin, Julian"]
[Black "Szustakowski, Antoni"]
[Result "1-0"]
[ECO "C11"]
[WhiteElo "2332"]
[BlackElo "2171"]
[Annotator "NA"]
[PlyCount "87"]
[EventDate "2017.??.??"]
[EventType "swiss"]
[EventCountry "POL"]
[SourceTitle "playchess.com"]
[Source "ChessBase"]
[SourceQuality "1"]
[TimeControl "40/5400+30:1800+30"]

1. e4 e6 2. d4 d5 3. Nc3 Nf6 4. e5 Nfd7 5. f4 c5 6. Nf3 Nc6 7. Be3 a6 8. a3 b5 9. Qd2 g5 10. dxc5 gxf4 11. Bf2 Bg7 12. Be2 Ndxe5 13. Qxf4 Bb7 14. O-O O-O 15. Rad1 Ng6 16. Qg3 f5 17. h4 Qb8 18. h5 Qxg3 19. Bxg3 Nge5 20. Ng5 Rfe8 21. Rfe1 h6 22. Nh3 Nd7 23. Bf2 d4 24. b4 Nde5 25. Nb1 Nc4 26. Bxc4 bxc4 27. Nd2 c3 28. Nc4 Rad8 29. Nd6 Rxd6 30. cxd6 e5 31. Bxd4 Nxd4 32. Rxd4 Be4 33. Rc4 Rd8 34. Rxc3 Rxd6 35. Rc8+ Kf7 36. Nf2 Bc6 37. Rc7+ Kg8 38. Rd1 Re6 39. Nd3 Rd6 40. Nb2 Re6 41. Rd8+ Kh7 42. Nd3 Ba4 43. Nc5 Rc6 44. Rdc8 1-0

[Event "XVII MetLife Najdorf Open 2017"]
[Site "Warsaw"]
[Date "2017.07.16"]
[Round "8"]
[White "Schroeder, Kevin"]
[Black "Zlatin, Alexander"]
[Result "1/2-1/2"]
[ECO "A05"]
[WhiteElo "2321"]
[BlackElo "2259"]
[Annotator "ChessBase"]
[PlyCount "136"]
[EventDate "2017.??.??"]
[EventType "swiss"]
[EventCountry "POL"]
[SourceTitle "playchess.com"]
[Source "ChessBase"]
[SourceQuality "1"]
[TimeControl "40/5400+30:1800+30"]

1. Nf3 Nf6 2. c4 e6 3. g3 b6 4. Bg2 Bb7 5. O-O Be7 6. Nc3 O-O 7. d4 d5 8. Qd3 Na6 9. a3 c5 10. cxd5 cxd4 11. Nxd4 Nc5 12. Qc2 Nxd5 13. Nxd5 Bxd5 14. Nc6 Qd7 15. Nxe7+ Qxe7 16. e4 Bb7 17. b4 Na6 18. Bb2 Rac8 19. Qa4 Qe8 20. Qxe8 Rfxe8 21. Rac1 f6 22. Rfd1 Rxc1 23. Bxc1 Kf7 24. Be3 Ke7 25. Bf1 Rd8 26. Rxd8 Kxd8 27. f3 Kd7 28. Kf2 Kd6 29. h4 Nc7 30. a4 Na6 31. Bd2 e5 32. Bc4 Nc7 33. Ke3 Bc8 34. f4 Be6 35. Bf1 Bb3 36. a5 Ne6 37. Bc3 Nc7 38. Bd2 Ne6 39. Kd3 Ba2 40. Kc2 Nd4+ 41. Kb2 Bf7 42. axb6 axb6 43. Be3 Bg6 44. f5 Bh5 45. Bd3 Kc6 46. Bf2 Nb5 47. Kc2 Nd6 48. Kd2 Bf7 49. g4 h6 50. Bg3 Bc4 51. Bc2 Kb5 52. Bf2 Bf7 53. Kc3 Kc6 54. Be3 Nb5+ 55. Kb2 Nd6 56. Bc1 Bc4 57. g5 hxg5 58. hxg5 fxg5 59. Bxg5 Be2 60. Be7 Bf3 61. b5+ Kd7 62. Bf8 Bxe4 63. Bxe4 Nxe4 64. Bxg7 Nd6 65. Bxe5 Nxf5 66. Kb3 Ne7 67. Bd4 Nc8 68. Bxb6 Nxb6 1/2-1/2

[Event "XVII MetLife Najdorf Open 2017"]
[Site "Warsaw"]
[Date "2017.07.16"]
[Round "8"]
[White "Bednarek, Sylwester"]
[Black "Tomczak, Mikolaj"]
[Result "0-1"]
[ECO "A40"]
[WhiteElo "2309"]
[BlackElo "2395"]
[Annotator "NA"]
[PlyCount "104"]
[EventDate "2017.??.??"]
[EventType "swiss"]
[EventCountry "POL"]
[SourceTitle "playchess.com"]
[Source "ChessBase"]
[SourceQuality "1"]
[TimeControl "40/5400+30:1800+30"]

1. d4 g6 2. c3 Bg7 3. Bg5 Nf6 4. Nd2 d5 5. e3 O-O 6. h3 Nbd7 7. Ngf3 c5 8. Be2 b6 9. O-O Bb7 10. b4 h6 {D03: 1 d4 d5 2 Nf3 Nf6 3 Bg5, including Torre Attack with early ...d5} (10... Ne4 11. Nxe4 dxe4 12. Nd2 h6 13. Bh4 cxb4 14. cxb4 g5 15. Bg3 e5 16. Rc1 f5 17. Bxe5 Nxe5 18. dxe5 Bxe5 {½-½ (60) Buckley,G (2380)-Hebden,M (2533) Sheffield 2011}) 11. Bxf6 $146 ({Predecessor:} 11. Bf4 Ne4 12. Rc1 Qc8 13. Nxe4 dxe4 14. Nd2 Kh7 15. Qb3 e5 16. Bh2 f5 17. Rfd1 f4 18. Bg4 {½-½ (28) Karlik,V (2286)-Walek,M (2332) Czechia 2004}) 11... Bxf6 12. bxc5 bxc5 13. Bb5 a6 14. Bxd7 Qxd7 15. Nb3 cxd4 16. cxd4 Qd6 17. Nc5 Bc6 18. a4 e6 19. Qd3 a5 20. Qc3 Rfc8 21. Rfc1 Be8 22. Ne5 Bxe5 23. dxe5 Qe7 24. Qd4 Rab8 25. Nd3 Rxc1+ 26. Rxc1 Qd7 27. Rc5 Ra8 28. Nb2 Qb7 29. Kh2 Qb3 30. h4 h5 31. f3 Kh7 32. Rc7 Qb8 33. Qc3 Qd8 34. Kg3 Kg8 35. Qc5 Rb8 36. Nd3 Ra8 37. Nb2 Qb8 38. Nd3 Bxa4 39. Qe7 Be8 40. Nc5 Qb4 {[#]} 41. Rb7 $2 (41. Kh2 $1 $18 Rb8 42. f4) 41... Qa3 $2 (41... Qc3 $11 42. Kf4 Qc2) 42. Rb3 Qa1 {[#]} 43. Qf6 $1 Qe1+ {[#]} 44. Kh2 $1 Bc6 45. Rb6 Rc8 {[#]} 46. Nxe6 $1 fxe6 47. Qxe6+ Kg7 48. Qxc8 Qxh4+ 49. Qh3 Qxh3+ 50. Kxh3 Bd7+ 51. Kh4 Kf7 52. Rd6 Ke8 0-1

[Event "XVII MetLife Najdorf Open 2017"]
[Site "Warsaw"]
[Date "2017.07.16"]
[Round "8"]
[White "Mulet, Piotr"]
[Black "Zherebtsova, Alexandra"]
[Result "1/2-1/2"]
[ECO "C49"]
[WhiteElo "2307"]
[BlackElo "2219"]
[Annotator "NA"]
[PlyCount "169"]
[EventDate "2017.??.??"]
[EventType "swiss"]
[EventCountry "POL"]
[SourceTitle "playchess.com"]
[Source "ChessBase"]
[SourceQuality "1"]
[TimeControl "40/5400+30:1800+30"]

1. e4 e5 2. Nf3 Nc6 3. Nc3 Nf6 4. Bb5 Bb4 5. O-O O-O 6. d3 Bxc3 7. bxc3 d6 8. Re1 Ne7 9. Bg5 {[%emt 0:01:26] C49: Four Knights: 4 Bb5 Bb4} (9. d4 c6 10. dxe5 dxe5 11. Ba3 cxb5 12. Qxd8 Rxd8 13. Bxe7 Re8 14. Bd6 Nd7 15. Nd2 a6 16. c4 bxc4 17. Nxc4 {1-0 (40) Antonio,R (2572)-Nolte,R (2420) Tagaytay City 2010}) 9... Ng6 10. d4 h6 11. Bc1 c6 12. Bd3 $146 ({Predecessor:} 12. Bf1 Re8 13. Nd2 Nh7 14. Nc4 Qf6 15. Ba3 Rd8 16. g3 Ng5 {½-½ (42) Firat,B (2421)-Huber,M (2176) Legnica 2013}) 12... Qa5 13. Bd2 Re8 14. c4 Qc7 15. c3 c5 16. Rb1 Be6 17. d5 Bd7 18. Bf1 Nh7 19. Bd3 Rf8 20. h3 f5 21. Nh2 f4 22. Be2 Ng5 23. Bg4 Kh7 24. Bxd7 Qxd7 25. Qg4 Rf7 26. Rb2 Qxg4 27. hxg4 Rc8 28. f3 Rcc7 29. Kf2 Ne7 30. Reb1 Nc8 31. Ke2 Nb6 32. Kd3 Rfd7 33. Be1 Nf7 34. Bh4 g5 35. Bf2 Nd8 36. Nf1 Nc8 37. Nd2 Kg6 38. Rh1 Rh7 39. Rh5 Nb6 40. Nb1 Nc8 41. Na3 Rcd7 42. Nb5 Nf7 43. a4 Nh8 44. a5 Kg7 45. Rh1 Nf7 46. Rb3 Kg6 47. Rh5 Nd8 48. Rb2 Nf7 49. Rb1 Kf6 50. Bg1 Kg6 51. Rb2 Nd8 52. Kd2 Nf7 53. Bf2 Kf6 54. Rh1 Kg6 55. Rh5 Kf6 56. Ke2 Kg6 57. Na3 Nd8 58. Nc2 Rde7 59. Ne1 b6 60. a6 Nf7 61. Nc2 Nd8 62. Na3 Nf7 63. Nb5 Rd7 64. Rb1 Nd8 65. Rbh1 Nf7 66. R5h3 Nd8 67. Kd3 Nf7 68. Kc2 Nd8 69. Kb3 Nf7 70. Na3 Nd8 71. Nc2 Rde7 72. Ka4 Rd7 73. Ne1 Ne7 74. Nd3 (74. g3 $14) 74... Ng8 75. g3 Nf7 76. Re1 Kf6 77. Re2 Ne7 (77... Rd8 $15) 78. Rh1 Ng6 79. Kb5 $11 Rc7 80. Rh3 Kg7 81. Rh1 Rh8 82. Rh3 Re8 83. Be1 Rce7 84. Reh2 Rc7 85. Bf2 1/2-1/2

[Event "XVII MetLife Najdorf Open 2017"]
[Site "Warsaw"]
[Date "2017.07.16"]
[Round "8"]
[White "Kujawski, Adam"]
[Black "Khalafova, Narmin"]
[Result "0-1"]
[ECO "B90"]
[WhiteElo "2300"]
[BlackElo "2224"]
[Annotator "ChessBase"]
[PlyCount "86"]
[EventDate "2017.??.??"]
[EventType "swiss"]
[EventCountry "POL"]
[SourceTitle "playchess.com"]
[Source "ChessBase"]
[SourceQuality "1"]
[TimeControl "40/5400+30:1800+30"]

1. e4 c5 2. Nf3 d6 3. d4 cxd4 4. Nxd4 Nf6 5. Nc3 a6 6. Bc4 e6 7. Bb3 Nbd7 8. f4 Nc5 9. f5 Be7 10. Qf3 O-O 11. O-O Bd7 12. g4 e5 13. Nde2 Bc6 14. Bd5 Ncxe4 15. Bxc6 Nxc3 16. Nxc3 Qb6+ 17. Kg2 Qxc6 18. g5 Nd7 19. Nd5 Bd8 20. Be3 Qxc2+ 21. Rf2 Qc4 22. Rc1 Qh4 23. Kh1 f6 24. Nc7 Bxc7 25. Qd5+ Kh8 26. Rc4 Qh5 27. Rxc7 Rad8 28. g6 hxg6 29. Qe6 Nc5 30. Qe7 Rg8 31. Qf7 Qd1+ 32. Kg2 Qg4+ 33. Kh1 Qe4+ 34. Rg2 Qxe3 35. Rg3 Qe1+ 36. Kg2 Qe2+ 37. Kg1 Qe1+ 38. Kg2 Qe2+ 39. Kg1 Qh5 40. fxg6 Ne4 41. Rcc3 Qd1+ 42. Kg2 Qe2+ 43. Kh1 Qf1+ 0-1

[Event "XVII MetLife Najdorf Open 2017"]
[Site "Warsaw"]
[Date "2017.07.16"]
[Round "8"]
[White "Kucza, Karol"]
[Black "Adamski, Jan"]
[Result "1/2-1/2"]
[ECO "B28"]
[WhiteElo "2297"]
[BlackElo "2250"]
[Annotator "NA"]
[PlyCount "34"]
[EventDate "2017.??.??"]
[EventType "swiss"]
[EventCountry "POL"]
[SourceTitle "playchess.com"]
[Source "ChessBase"]
[SourceQuality "1"]
[TimeControl "40/5400+30:1800+30"]

1. e4 c5 2. Nf3 a6 3. c3 d5 4. exd5 Qxd5 5. d4 Nf6 6. Be2 e6 7. O-O cxd4 8. cxd4 Nc6 9. Nc3 Qd6 10. Bg5 Be7 11. Qd2 O-O 12. Rad1 b5 13. Bf4 Qd8 14. Ne5 Bb7 15. Bf3 Rc8 16. Rfe1 Re8 17. h3 Qb6 1/2-1/2

[Event "XVII MetLife Najdorf Open 2017"]
[Site "Warsaw"]
[Date "2017.07.16"]
[Round "8"]
[White "Miroshnichenko, Pavel"]
[Black "Skawinski, Arkadiusz"]
[Result "0-1"]
[ECO "C50"]
[WhiteElo "2294"]
[BlackElo "2386"]
[Annotator "NA"]
[PlyCount "118"]
[EventDate "2017.??.??"]
[EventType "swiss"]
[EventCountry "POL"]
[SourceTitle "playchess.com"]
[Source "ChessBase"]
[SourceQuality "1"]
[TimeControl "40/5400+30:1800+30"]

1. e4 e5 2. Nf3 Nc6 3. Bc4 Nf6 4. d3 Bc5 5. O-O d6 6. c3 a6 7. Re1 Ba7 8. Bb3 h6 {[%emt 0:00:06] C54: Giuoco Piano: 4 c3 Nf6, main lines with 5 d4 and 5 d3} 9. h3 (9. Nbd2 O-O 10. Nf1 Re8 11. Ng3 Be6 12. Bxe6 Rxe6 13. d4 d5 14. Nxe5 Nxe5 15. dxe5 Nxe4 16. Nxe4 dxe4 17. Qh5 g6 18. Qxh6 Rxe5 {½-½ (36) Kramnik,V (2808)-So,W (2812) Leuven 2017}) 9... g5 10. Nh2 Rg8 11. Be3 g4 12. hxg4 Nxg4 13. Qf3 Rg7 $146 ({Predecessor:} 13... Qe7 14. Bxa7 Nxh2 15. Kxh2 Nxa7 {0-1 (31) Drljevic,L (2116)-Karlovich,A (2273) Balatonlelle 2000}) 14. Bxa7 Rxa7 15. Nd2 Nxh2 16. Kxh2 Qh4+ 17. Kg1 Bg4 18. Qe3 Bh3 19. g3 Ra8 20. Qf3 Qg5 21. Re3 h5 22. Qh1 Bg4 23. Nf3 Qh6 24. Qh4 Kd7 25. Nh2 Rf8 26. Nxg4 Rxg4 27. Qh3 Kd8 28. Kg2 Ne7 29. Rh1 Rg5 30. Rf3 Qg7 31. Qh4 f6 32. Qh3 f5 33. exf5 Rfxf5 34. Bd1 Qf7 35. Qh4 Qf6 36. Qe4 c6 37. Rxf5 Rxf5 38. Qe2 Qg6 39. d4 Nd5 40. Kg1 Nf4 41. Qe3 exd4 42. cxd4 Nd5 43. Qe1 Qf7 44. Rh4 Nf6 45. Bc2 Rb5 46. Rf4 Qe7 47. Qc1 Kc7 48. Rf3 Ng4 49. Bd3 Rg5 50. Bc4 Rg7 51. Qc3 h4 52. Qa5+ $1 Kb8 53. Qh5 $2 (53. Bxa6 $1 $11 {and White is okay.} hxg3 54. fxg3) 53... hxg3 54. fxg3 Ka7 55. Bf1 Qe4 56. Rf4 Qe3+ 57. Kg2 {[%emt 0:00:04] [#]} Ne5 $1 58. Qh2 $19 Qxf4 59. dxe5 Qd2+ 0-1

[Event "XVII MetLife Najdorf Open 2017"]
[Site "Warsaw"]
[Date "2017.07.16"]
[Round "8"]
[White "Sieber, Fiona"]
[Black "Aditya Mittal"]
[Result "1/2-1/2"]
[ECO "B90"]
[WhiteElo "2287"]
[BlackElo "2203"]
[Annotator "NA"]
[PlyCount "74"]
[EventDate "2017.??.??"]
[EventType "swiss"]
[EventCountry "POL"]
[SourceTitle "playchess.com"]
[Source "ChessBase"]
[SourceQuality "1"]
[TimeControl "40/5400+30:1800+30"]

1. e4 c5 2. Nf3 d6 3. d4 cxd4 4. Nxd4 Nf6 5. Nc3 a6 6. Be3 e5 7. Nb3 Be7 8. f3 O-O 9. Qd2 Be6 10. O-O-O Nbd7 11. g4 b5 12. g5 b4 13. Ne2 Ne8 14. f4 a5 15. f5 a4 16. Nbd4 exd4 17. Nxd4 b3 18. Kb1 bxc2+ 19. Nxc2 Bb3 20. axb3 axb3 21. Na3 Ne5 22. h4 Ra5 23. Rh3 Qa8 24. Qg2 d5 25. Rxd5 Nc7 26. Rxa5 Qxa5 27. Bd2 Rd8 28. Bc1 Rb8 29. f6 Bxa3 30. bxa3 Nb5 31. Bxb5 Qxb5 32. Bb2 Nc4 33. Rc3 Rd8 34. h5 Rd1+ 35. Rc1 Nxa3+ 36. Bxa3 Qd3+ 37. Ka1 Qc3+ 1/2-1/2

[Event "XVII MetLife Najdorf Open 2017"]
[Site "Warsaw"]
[Date "2017.07.16"]
[Round "8"]
[White "AlHuwar, Jasem"]
[Black "Baltic, Fatih"]
[Result "1-0"]
[ECO "A05"]
[WhiteElo "2275"]
[BlackElo "2210"]
[Annotator "NA"]
[PlyCount "69"]
[EventDate "2017.??.??"]
[EventType "swiss"]
[EventCountry "POL"]
[SourceTitle "playchess.com"]
[Source "ChessBase"]
[SourceQuality "1"]
[TimeControl "40/5400+30:1800+30"]

1. Nf3 Nf6 2. g3 b6 3. Bg2 Bb7 4. O-O g6 5. d3 Bg7 6. e4 d6 7. Nc3 O-O 8. Nh4 Nfd7 9. f4 e6 10. f5 Nc6 11. Be3 Nd4 12. Qd2 exf5 13. exf5 Bxg2 14. Qxg2 c6 15. Ne4 d5 16. f6 Nxf6 17. Nxf6+ Bxf6 18. Qf2 Bxh4 19. Bxd4 Bg5 20. h4 Be7 21. Rae1 c5 22. Be3 f5 23. Bh6 Bf6 24. Qf3 Rf7 25. Re6 Qd7 26. Rfe1 Rd8 27. Qe2 Bg7 28. Bg5 Rdf8 29. c3 Bf6 30. Bh6 Bg7 31. Bf4 Bf6 32. Rd6 Qb7 33. Bh6 Re7 34. Rxf6 Rfe8 35. Qxe7 1-0

[Event "XVII MetLife Najdorf Open 2017"]
[Site "Warsaw"]
[Date "2017.07.16"]
[Round "8"]
[White "Selbes, Tarik"]
[Black "Spitzl, Vinzent"]
[Result "1-0"]
[ECO "C70"]
[WhiteElo "2260"]
[BlackElo "2348"]
[Annotator "NA"]
[PlyCount "49"]
[EventDate "2017.??.??"]
[EventType "swiss"]
[EventCountry "POL"]
[SourceTitle "playchess.com"]
[Source "ChessBase"]
[SourceQuality "1"]
[TimeControl "40/5400+30:1800+30"]

1. e4 e5 2. Nf3 Nc6 3. Bb5 a6 4. Ba4 Nge7 5. O-O g6 6. c3 Bg7 7. d4 exd4 8. cxd4 b5 9. Bb3 O-O 10. d5 Na5 11. Bd2 Nxb3 12. Qxb3 c5 13. Bc3 d6 14. Bxg7 Kxg7 15. Qc3+ Kg8 16. Qf6 Bg4 17. Nbd2 Nc8 18. Qf4 Bxf3 19. Nxf3 f5 20. Qh6 fxe4 21. Ng5 Qd7 22. Rae1 Nb6 23. Rxe4 Nxd5 24. Rfe1 Nf6 25. Re7 1-0

[Event "XVII MetLife Najdorf Open 2017"]
[Site "Warsaw"]
[Date "2017.07.16"]
[Round "8"]
[White "Reza, Wojciech"]
[Black "Antolak, Julia"]
[Result "1/2-1/2"]
[ECO "B30"]
[WhiteElo "2258"]
[BlackElo "2144"]
[Annotator "NA"]
[PlyCount "60"]
[EventDate "2017.??.??"]
[EventType "swiss"]
[EventCountry "POL"]
[SourceTitle "playchess.com"]
[Source "ChessBase"]
[SourceQuality "1"]
[TimeControl "40/5400+30:1800+30"]

1. e4 c5 2. Nf3 Nc6 3. Bb5 d6 4. O-O Bd7 5. Re1 Nf6 6. c3 a6 7. Bf1 Bg4 8. d3 e6 9. Nbd2 Be7 10. h3 Bh5 11. a3 O-O 12. g4 Bg6 13. Bg2 Rc8 14. Nh4 Nd7 15. Nxg6 hxg6 16. f4 g5 17. Nf3 gxf4 18. Bxf4 Nde5 19. Qd2 c4 20. d4 Nd3 21. Re2 Na5 22. Rd1 Nb3 23. Qe3 e5 24. dxe5 Nxf4 25. Qxf4 dxe5 26. Rxd8 exf4 27. Rd5 Bc5+ 28. Kf1 Be3 29. Ne5 Rfe8 30. g5 b5 1/2-1/2

[Event "XVII MetLife Najdorf Open 2017"]
[Site "Warsaw"]
[Date "2017.07.16"]
[Round "8"]
[White "Kiolbasa, Oliwia"]
[Black "Ghadiri, Radmehr"]
[Result "1-0"]
[ECO "C16"]
[WhiteElo "2253"]
[BlackElo "2125"]
[Annotator "NA"]
[PlyCount "49"]
[EventDate "2017.??.??"]
[EventType "swiss"]
[EventCountry "POL"]
[SourceTitle "playchess.com"]
[Source "ChessBase"]
[SourceQuality "1"]
[TimeControl "40/5400+30:1800+30"]

1. e4 e6 2. d4 d5 3. Nc3 Bb4 4. e5 b6 5. Nf3 c5 6. a3 Ba5 7. b4 cxb4 8. Nb5 bxa3+ 9. c3 Ne7 10. Nd6+ Kf8 11. Rxa3 Nf5 12. Nxf5 exf5 13. Bd3 h6 14. Qc2 g6 15. h4 Ba6 16. h5 Kg7 17. Kf1 Qc8 18. hxg6 fxg6 19. Bxa6 Nxa6 20. Qd2 Nc7 21. Rxh6 Ne6 22. Nh4 Nxd4 23. Rxg6+ Kf7 24. Qxd4 Rxh4 25. Rf6+ 1-0

[Event "XVII MetLife Najdorf Open 2017"]
[Site "Warsaw"]
[Date "2017.07.16"]
[Round "8"]
[White "Krstulovic, Alex"]
[Black "Baskin, Robert"]
[Result "1/2-1/2"]
[ECO "D38"]
[WhiteElo "2252"]
[BlackElo "2330"]
[Annotator "NA"]
[PlyCount "38"]
[EventDate "2017.??.??"]
[EventType "swiss"]
[EventCountry "POL"]
[SourceTitle "playchess.com"]
[Source "ChessBase"]
[SourceQuality "1"]
[TimeControl "40/5400+30:1800+30"]

1. d4 Nf6 2. c4 e6 3. Nf3 d5 4. Nc3 Bb4 5. Bg5 h6 6. Bxf6 Qxf6 7. e3 O-O 8. Rc1 dxc4 9. Bxc4 c5 10. O-O cxd4 11. exd4 Rd8 12. Ne4 Qe7 13. a3 Ba5 14. Qe2 Nc6 15. Rfd1 Bd7 16. Nc5 Be8 17. b4 Bb6 18. Qb2 a5 19. Rd2 axb4 1/2-1/2